 Dungeon Crawl Stone Soup version 0.29-a0-338-g1ff7896281 (webtiles) character file.

Game seed: 13989486974938990402

23 zishaf the Magician (level 3, -1/27 HPs)
             Began as a Djinni Summoner on Apr 18, 2022.
             Slain by a goblin
             ... wielding a +0 dagger
              (2 damage)
             ... on level 2 of the Dungeon.
             The game lasted 00:02:56 (1554 turns).

zishaf the Magician (Djinni Summoner)               Turns: 1554, Time: 00:02:57

Health: -1/27      AC:  2    Str:  7    XL:     3   Next: 10%
Gold:   49         EV: 12    Int: 18    God:
                   SH:  0    Dex: 13

rFire   + + .      SeeInvis .   m - +3 short sword (drain)
rCold   x . .      Faith    .   (no shield)
rNeg    . . .      Spirit   .   a - +0 robe
rPois   ∞          Reflect  .   (no helmet)
rElec   .          Harm     .   (no cloak)
rCorr   .          Rampage  .   (no gloves)
Will    .....                   (boots unavailable)
Stlth   +.........              (no amulet)
HPRegen 0.09/turn               f - ring of wizardry
MPRegen 0.00/turn               (no ring)

@: silenced, flying
A: sickness immunity, fire resistance 2, cold vulnerability 1, float, innate
caster, HP casting, extra vitality 1
a: no special abilities


You were on level 2 of the Dungeon.
You visited 1 branch of the dungeon, and saw 2 of its levels.

You collected 49 gold pieces.

Inventory:

Hand Weapons
 m - a +3 short sword of draining (weapon)
Armour
 a - a +0 robe (worn)
 k - a +0 kite shield
Jewellery
 f - a ring of wizardry (left hand)
Potions
 d - a potion of lignification {unknown}
 j - a potion of curing {unknown}
 l - a potion of attraction {unknown}


   Skills:
 + Level 1.6 Fighting
 - Level 2.1 Dodging
 - Level 1.5 Stealth
 + Level 3.6 Spellcasting


You couldn't memorise any spells.
You knew the following spells:

 Your Spells              Type           Power      Damage    Failure   Level
a - Summon Small Mammal   Summ           64%        N/A       1%          1
b - Call Imp              Summ           16%        N/A       2%          2
c - Call Canine Familiar  Summ           16%        N/A       4%          3
d - Summon Guardian Gole  Hex/Summ       16%        N/A       4%          3
e - Summon Lightning Spi  Summ/Air       16%        N/A       14%         4
f - Magic Dart            Conj           64%        1d6       1%          1
Your spell library was empty.

Dungeon Overview and Level Annotations

Branches:
Dungeon (2/15)

Altars:

Shops:
D:1 *   D:2 ?

Annotations:
D:2 Sigmund


Innate Abilities, Weirdness & Mutations

You are immune to sickness and miasma.
You are immune to poison.
Your flesh is very heat resistant. (rF++)
You are vulnerable to cold. (rC-)
You float through the air rather than walking.
You learn spells naturally, not from books.
Your magical power is your life essence.
You have superior vitality. (+4 MHP)


Message History

Your shadow imp dies!
Your shadow imp disappears in a puff of smoke!
Casting: Call Imp (safe; 2% risk of failure)
Confirm with . or Enter, or press ? or * to list all spells.
A beastly little devil appears in a puff of flame.
* * * LOW HITPOINT WARNING * * *
You swap places.
Found a hand axe.
Your crimson imp easily resists.
Your crimson imp easily resists.
A frilled lizard comes into view.
A goblin comes into view. It is wielding a +0 dagger.
Your crimson imp disappears in a puff of smoke!
As you read the scroll labelled RUTOCWU XOASS, it crumbles to dust.
The creatures around you are filled with an inner flame!
It was a scroll of immolation.
As you read the scroll labelled DACUOR GETEXI, it crumbles to dust.
It is a scroll of enchant weapon.
Your +2 short sword of draining glows red for a moment.
The goblin shouts!
As you read the scroll labelled BAUWUS UTIRE, it crumbles to dust.
You feel aware of your surroundings.
It was a scroll of magic mapping.
As you read the scroll labelled WUS HULOSCH, it crumbles to dust.
A profound silence engulfs you.
It was a scroll of silence.
Something completely misses you. The goblin attacks as you move away!
The goblin hits you with a +0 dagger.
* * * LOW HITPOINT WARNING * * *
The goblin attacks as you move away! The goblin barely misses you.
Sigmund appears from thin air!
Reactivating autopickup.
The goblin hits you with a +0 dagger.
* * * LOW HITPOINT WARNING * * *
Sigmund casts a spell at you. The magic dart hits you.
* * * LOW HITPOINT WARNING * * *
The goblin attacks as you move away! The goblin hits you but does no damage.
You see here a +0 robe.
It was a potion of magic.
Magic washes over you without effect. The goblin hits you with a +0 dagger.
You die...

*** ####****,* #####.#.........
*.###...,<,,,* ###...#.#.........
,.......**######.#.#.#.#.........
,.......###......#.#.............
,...........####.#.###.#.........
,....................{...........
*.#.#.......####.#######.........
*,*,#.......# #.# #.#..#####
,>#...#####.# #@# #.##.## *,
,,####****#.# #g# #.....# *,
,,,,,,,,,,..# #l# #.....# *,
,*********######S### #.....###,
,,,,,,,,,.......@..## #.....)..,
********##..........# #.....###*
#<..........# #.#..###
#...........# #.#....#
#...........# #.##.#.#


You could see Sigmund, an adder, a goblin (inner flame) and a frilled lizard
(inner flame).

Vanquished Creatures
  2 dart slugs (D:1)
  A giant cockroach (D:1)
  2 hobgoblins (D:1)
  2 quokkas
  A bat (D:1)
  3 kobolds
  2 rats (D:1)
13 creatures vanquished.

Vanquished Creatures (collateral kills)
  A ball python (D:1)
  2 endoplasms (D:1)
  A goblin (D:1)
  A kobold (D:1)
5 creatures vanquished.

Grand Total: 18 creatures vanquished

Notes
Turn   | Place    | Note
-------+----------+-------------------------------------------
     0 | D:1      | zishaf the Djinni Summoner began the quest for the Orb.
     0 | D:1      | Reached XP level 1. HP: 15/15 MP: 0/0
   480 | D:1      | Found Naifiwku's Assorted Antiques.
   483 | D:1      | Reached XP level 2. HP: 22/22 MP: 0/0
   500 | D:1      | Reached skill level 1 in Fighting
  1275 | D:1      | Reached XP level 3. HP: 18/27 MP: 0/0
  1275 | D:1      | Learned a level 1 spell: Magic Dart
  1409 | D:2      | Found Hudghipa's Magic Scroll Shoppe.
  1501 | D:2      | Noticed Sigmund
  1550 | D:2      | HP: 1/27 [Sigmund/magic dart (5)]
  1554 | D:2      | Slain by a goblin

Illustrated notes

Levels and vault maps discovered:
D:1:      beargit_arrival_greenhouse, layout_rooms, serial_shops,
          nicolae_shop_statue_plus, grunt_decor_resistance
D:2:      layout_basic, serial_shops, nicolae_shop_stone, uniq_sigmund

Skill      XL: |  1  2 |
---------------+-------+-----
Fighting       | 1 |  1.6
Dodging        | |  2.1
Stealth        | |  1.5
Spellcasting   | |  3.6

Action                   || total
-------------------------++-------
Melee: Short sword       ||    53
 Cast: Summon Small Mamm ||     6
       Call Imp          ||     4
  Use: Scroll            ||     4
       Potion            ||     1
 Stab: Sleeping          ||     5
Armor: Robe              ||    12
Dodge: Dodged            ||    43

Table legend: (Time is in decaauts)
 A = Elapsed time spent in this place.
 B = Non-inter-level travel time spent in this place.
 C = Inter-level travel time spent in this place.
 D = Time resting spent in this place.
 E = Time spent auto-exploring this place.
 F = Levels seen in this place.
 G = Mean time per level.
                   A        B        C        D        E       F      G
               +--------+--------+--------+--------+--------+-----+--------+
         Total |   1558 |   1525 |     33 |    510 |    694 |   2 |  779.0 |
       Dungeon |   1558 |   1525 |     33 |    510 |    694 |   2 |  779.0 |
               +--------+--------+--------+--------+--------+-----+--------+

Top non-repeatable levels by time:
     D:1: 1411 daAuts
     D:2: 147 daAuts
